 Dungeon Crawl Stone Soup version 0.18.1-1-g2f07953 (webtiles) character file.

52 Hemyr7 the Poker (level 3, 0/29 HPs)
             Began as a Merfolk Skald on Sept 13, 2016.
             Slain by Crazy Yiuf
             ... wielding a +2 quarterstaff of chaos
              (5 damage)
             ... on level 2 of the Dungeon.
             The game lasted 00:05:00 (1469 turns).

Hemyr7 the Poker (Merfolk Skald)                    Turns: 1469, Time: 00:05:00

Health: 0/29       AC:  3    Str: 13    XL:     3   Next: 85%
Magic:  4/6        EV: 11    Int: 11    God:
Gold:   47         SH:  0    Dex: 13    Spells: 1 memorised, 5 levels left

rFire  . . .     SeeInvis .     a - +0 spear
rCold  . . .     Gourm    .     b - +0 leather armour
rNeg   . . .     Faith    .     (no shield)
rPois  .         Spirit   .     (no helmet)
rElec  .         Dismiss  .     (no cloak)
rCorr  .         Reflect  .     (no gloves)
SustAt .         Harm     .     (no boots)
MR     .....                    (no amulet)
Stlth  +.........               (no ring)
                                (no ring)

@: infused, very slightly contaminated, drained, not resistant to hostile
enchantments, very unstealthy
A: change form in water, swift swim
a: no special abilities


You were on level 2 of the Dungeon.
You were not hungry.

You visited 1 branch of the dungeon, and saw 2 of its levels.

You collected 47 gold pieces.

Inventory:

Hand Weapons
 a - a +0 spear (weapon)
Missiles
 j - 11 poisoned needles
Armour
 b - a +0 leather armour (worn)
Scrolls
 g - 2 scrolls of enchant weapon {unknown}
 i - a scroll of teleportation {unknown}
 m - a scroll of remove curse {unknown}
Potions
 e - a potion of cure mutation {unknown}
 k - a potion of brilliance {unknown}
Books
 c - a book of Battle

   Spells                             Type                      Level
   a - Infusion                       Charms                       1
   b - Shroud of Golubria             Charms/Translocation         2
   c - Song of Slaying                Charms                       2
   d - Spectral Weapon                Hexes/Charms                 3
   e - Regeneration                   Charms/Necromancy            3
Comestibles
 d - 4 bread rations
 f - a royal jelly
 h - a slice of pizza
 l - 3 chunks of flesh


   Skills:
 + Level 3.1(2.7) Fighting
 + Level 4.1(3.8) Polearms
 - Level 0.6(0.2) Armour
 - Level 1.3(1.0) Dodging
 - Level 2.0(1.6) Spellcasting
 + Level 4.0(3.6) Charms


You had 5 spell levels left.
You knew the following spells:

 Your Spells              Type           Power        Failure   Level  Hunger
a - Infusion              Chrm           #...         10%         1    ##.....


Dungeon Overview and Level Annotations

Branches:
Dungeon (2/15)

Altars:
Ashenzari

Annotations:
D:2 Crazy Yiuf


Message History

Casting: Infusion
Confirm with . or Enter, or press ? or * to list all spells.
You begin infusing your attacks with magical energy.
Crazy Yiuf cries, "You leg down broken song, no?"
Crazy Yiuf hits you with a quarterstaff of chaos.
Crazy Yiuf burns you.
You hit Crazy Yiuf but do no damage.
Crazy Yiuf hits you with a quarterstaff of chaos.
You hit Crazy Yiuf but do no damage. You hit Crazy Yiuf.
Crazy Yiuf is moderately wounded.
Crazy Yiuf says, "I'm not crazy!"
Crazy Yiuf hits you with a quarterstaff of chaos!
* * * LOW HITPOINT WARNING * * *
You feel drained.
* * * LOW HITPOINT WARNING * * *
You hit Crazy Yiuf.
Crazy Yiuf is moderately wounded.
Crazy Yiuf hits you with a quarterstaff of chaos.
You die...

#........####
#....###....#
#....#
#.##.########
#....#
#.##.#....... #
##..)#
#......###### #
##)## #.##.### ##
##)# #.##.## .#
#)## #.#...### #@#
#..รท....# .....
#g## #.#...#.#####
#.... #)
#.##.##...).) # ###
)) #.##.######## #
#)) #....# # # #).
#..### ###### . ###
##.# #).... ## #.#
#.####
#############.#####


You could see Crazy Yiuf.

Vanquished Creatures
  Robin (D:1)
  2 giant geckos (D:1)
  2 giant cockroaches
  7 goblins
  7 hobgoblins
  3 jackals (D:1)
  5 kobolds
  6 bats
  2 giant newts (D:1)
  A rat (D:1)
36 creatures vanquished.

Notes
Turn   | Place    | Note
--------------------------------------------------------------
     0 | D:1      | Hemyr7 the Merfolk Skald began the quest for the Orb.
     0 | D:1      | Reached XP level 1. HP: 16/16 MP: 3/3
   232 | D:1      | Reached XP level 2. HP: 23/23 MP: 5/5
   272 | D:1      | Found a shattered altar of Ashenzari.
   633 | D:1      | Reached XP level 3. HP: 20/28 MP: 6/6
   901 | D:2      | Noticed Robin
   933 | D:1      | Killed Robin
  1461 | D:2      | Noticed Crazy Yiuf
  1469 | D:2      | Slain by Crazy Yiuf

Skill      XL: |  1  2  3 |
---------------+----------+-----
Polearms       | 4 |  4.1
Fighting       | 3 |  3.1
Charms         | 4 |  4.0
Armour         | |  0.6
Dodging        | |  1.3
Spellcasting   | |  2.0

Action                   || total
-------------------------++-------
Melee: Spear             ||   136
 Cast: Infusion          ||     3
 Stab: Sleeping          ||     1
  Eat: Chunk             ||     2
Armor: Leather armour    ||    24
Dodge: Dodged            ||    51
